 Dungeon Crawl Stone Soup version 0.19.0-19-g8c6edcc (webtiles) character file.

3033 Leybi the Covert (level 9, -1/66 HPs)
             Began as a Vine Stalker Assassin on Nov 13, 2016.
             Was a Believer of Elyvilon.
             Slain by a killer bee (6 damage)
             ... on level 7 of the Dungeon.
             The game lasted 00:24:48 (7416 turns).

Leybi the Covert (Vine Stalker Assassin)            Turns: 7416, Time: 00:24:49

Health: -1/66      AC: 24    Str: 18    XL:     9   Next: 86%
Magic:  0/10       EV:  2    Int: 13    God:    Elyvilon [**....]
Gold:   274        SH:  0    Dex: 22    Spells: 0 memorised, 8 levels left

rFire  . . .     SeeInvis .     S - +3 dagger (elec)
rCold  . . .     Gourm    .     (armour currently unavailable)
rNeg   + + +     Faith    .     (no shield)
rPois  +         Spirit   +     (helmet currently unavailable)
rElec  .         Reflect  .     (cloak currently unavailable)
rCorr  .         Harm     .     (gloves currently unavailable)
MR     +....     NoTele   +     (boots currently unavailable)
Stlth  +++++.....               (no amulet)
                                (no ring)
                                K - ring "Juil" {rN+ Str+2 Dex+3}

@: tree-form
A: (fangs 0), (yellow scales 0), clever 1, regeneration 1, strong 1, magic
shield, (antimagic bite), no device heal 3, rot immunity
a: Lesser Healing, Heal Other, Divine Protection, Renounce Religion


You were on level 7 of the Dungeon.
You worshipped Elyvilon.
Elyvilon was pleased with you.
You were not hungry.
You were a tree.
You visited 2 branches of the dungeon, and saw 9 of its levels.

You collected 274 gold pieces.

Inventory:

Hand Weapons
 b - a +0 blowgun
 G - a +0 rapier
 S - a +3 dagger of electrocution (weapon)
Missiles
 e - 26 poisoned needles
Armour
 c - a +0 robe (melded)
 d - a +0 cloak (melded)
 j - a +1 pair of gloves (melded)
 t - a +0 pair of boots (melded)
Jewellery
 a - an uncursed ring of positive energy {unknown}
 K - the ring "Juil" (left branch) {rN+ Str+2 Dex+3}
   (You found it on level 5 of the Dungeon)

   [ring of strength]

   It affects your strength (+2).
   It affects your dexterity (+3).
   It protects you from negative energy.
 N - an uncursed amulet of magic regeneration {unknown}
Wands
 y - a wand of lightning (4/15)
 A - a wand of paralysis (16/24)
 E - a wand of disintegration (9/24)
 H - a wand of acid (7/15)
 M - a wand of slowing (18/48)
 R - a wand of iceblast (8/15)
Scrolls
 h - 8 scrolls of remove curse
 o - a scroll of random uselessness {unknown}
 p - 3 scrolls of teleportation
 q - 2 scrolls of enchant armour {unknown}
 r - 3 scrolls of immolation {unknown}
 u - a scroll of fear {unknown}
 v - 2 scrolls of recharging {unknown}
 w - 2 scrolls of identify
 C - 2 scrolls of blinking {unknown}
 D - a scroll of noise {unknown}
 F - 2 scrolls of magic mapping {unknown}
 P - 2 scrolls of enchant weapon {unknown}
Potions
 i - 3 potions of lignification
 k - a potion of agility {unknown}
 l - 4 potions of curing
 m - 2 potions of brilliance {unknown}
 n - 2 potions of heal wounds {unknown}
 s - a potion of flight {unknown}
 x - 2 potions of cure mutation {unknown}
 B - 2 potions of ambrosia {unknown}
 I - a potion of beneficial mutation {unknown}
 J - 5 potions of degeneration {unknown}
 O - a potion of magic {unknown}
 Q - a potion of invisibility {unknown}
Books
 f - a book of Maledictions

   Spells                             Type                      Level
   a - Corona                         Hexes                        1
   b - Ensorcelled Hibernation        Hexes/Ice                    2
   c - Confuse                        Hexes                        3
   d - Tukima's Dance                 Hexes                        3
   e - Dazzling Spray                 Conjuration/Hexes            3
Comestibles
 g - 4 bread rations
 z - 5 meat rations
 L - a beef jerky


   Skills:
 + Level 3.0 Fighting
 + Level 6.0 Short Blades
 - Level 1.7 Throwing
 * Level 7.8 Dodging
 - Level 10.0 Stealth


You had 8 spell levels left.
You didn't know any spells.

Dungeon Overview and Level Annotations

Branches:
Dungeon (8/15)             Temple (1/1) D:4
   Lair: D:8-11

Altars:
Cheibriados
Dithmenos
Elyvilon
Fedhas
Hepliaklqana
Kikubaaqudgha
Makhleb
Nemelex Xobeh
Okawaru
Qazlal
Ru
Sif Muna
Trog
Uskayaw
Vehumet
Xom
Yredelemnul
The Shining One

Annotations:
D:6 Frank's ghost, novice GrGl


Innate Abilities, Weirdness & Mutations

((You have razor-sharp teeth.))
Your natural rate of healing is unusually fast.
When hurt, damage is shared between your health and your magic reserves.
((Your bite disrupts and absorbs the magic of your enemies.))
Potions and wands cannot restore your health.
You are immune to rotting.
((You are partially covered in yellow scales. (AC +2)))
Your mind is acute. (Int +2)
Your muscles are strong. (Str +2)


Message History

The killer bee stings you but does no damage.
You closely miss the killer bee.
The killer bee is severely wounded.
The killer bee stings you.
* * * LOW HITPOINT WARNING * * *
You hit the killer bee.
The killer bee is severely wounded.
The killer bee stings you but does no damage.
You hit the killer bee.
The killer bee is almost dead.
The killer bee barely misses you.
The killer bee stings you but does no damage.
You closely miss the killer bee.
The killer bee is almost dead.
The killer bee stings you but does no damage.
You closely miss the killer bee.
The killer bee is almost dead.
The killer bee stings you but does no damage.
The killer bee stings you.
You die...

#.# #.# #........#
#.###.###.######.#
#.............##.#########
#..##.###.#..............#
#..##.# #..))..#.#######.####
#.....# #.#...##.# #.......
##.#### #.##.###.# #.#...#. #.#
#........# #.###.#. #####.#
####♣##### #.# #.#. #...#.##
##y## #.###.#. #.....)## ##...##
#....... ##...###.## ##.....##
#####.## ........#.###...>...##
##.###.#
........#.##.........####...##.#
.......(#..'.........'.......#.#
##...###.###.........####...##.#
#......## ##.......## ##.###.#


You could see a killer bee.

Vanquished Creatures
  Pikel (D:4)
  Grinder (D:6)
  Sigmund (D:6)
  A slave (D:3)
  A black bear (D:5)
  A sky beast (D:7)
  4 centaurs
  5 ogres
  A big kobold (D:7)
  3 killer bees (D:7)
  A crimson imp (D:5)
  A quasit (D:6)
  4 hounds
  6 orc wizards
  6 orc priests
  3 bullfrog skeletons
  3 worker ants
  Natasha (thrice) (D:3)
  An iguana (D:7)
  A hound zombie (D:8)
  2 howler monkey zombies (D:7)
  8 adders
  3 gnolls (D:4)
  3 oozes
  An adder zombie (D:7)
  5 worms
  3 dart slugs (D:2)
  3 leopard geckos
  37 orcs
  A ball python (D:3)
  6 giant cockroaches
  5 goblins
  10 hobgoblins
  3 jackals
  11 kobolds
  3 quokkas
  9 bats
  2 frilled lizards
  A leopard gecko zombie (D:5)
  2 quokka zombies
  3 rats
169 creatures vanquished.

Vanquished Creatures (others)
  7 toadstools (D:1)
7 creatures vanquished.

Grand Total: 176 creatures vanquished

Notes
Turn   | Place    | Note
-------+----------+-------------------------------------------
     0 | D:1      | Leybi the Vine Stalker Assassin began the quest for the Orb.
     0 | D:1      | Reached XP level 1. HP: 11/11 MP: 2/2
   178 | D:1      | Reached skill level 5 in Stealth
   270 | D:1      | Reached XP level 2. HP: 12/15 MP: 1/3
   751 | D:1      | Reached skill level 6 in Stealth
   805 | D:1      | Reached XP level 3. HP: 18/18 MP: 4/4
  1229 | D:1      | Gained mutation: Your mind is acute. (Int +2) [potion of mutation]
  1229 | D:1      | Gained mutation: You evolve. [potion of mutation]
  1229 | D:1      | Gained mutation: Your muscles are strong. (Str +2) [potion of mutation]
  1697 | D:2      | Gained mutation: Your natural rate of healing is unusually fast. [Vine Stalker growth]
  1697 | D:2      | Reached XP level 4. HP: 23/23 MP: 5/5
  1699 | D:2      | Found a stormy altar of Qazlal.
  1757 | D:2      | Reached skill level 7 in Stealth
  2197 | D:3      | Noticed Natasha
  2199 | D:3      | Reached skill level 8 in Stealth
  2199 | D:3      | Reached XP level 5. HP: 26/26 MP: 6/6
  2226 | D:3      | Killed Natasha
  2303 | D:3      | Found a deep blue altar of Sif Muna.
  2403 | D:3      | Gained mutation: You rapidly evolve. [evolution]
  2443 | D:3      | Noticed an ogre
  2455 | D:3      | Killed an ogre
  2455 | D:3      | Reached skill level 9 in Stealth
  2455 | D:3      | Reached XP level 6. HP: 30/30 MP: 7/7
  2620 | D:3      | Noticed Natasha
  2631 | D:3      | Killed Natasha
  2961 | D:3      | Noticed Natasha
  2981 | D:3      | Killed Natasha
  2981 | D:3      | Reached skill level 10 in Stealth
  3047 | D:3      | Gained mutation: You are partially covered in yellow scales. (AC +2) [evolution]
  3047 | D:3      | Lost mutation: You rapidly evolve. [end of evolution]
  3125 | D:3      | Reached skill level 1 in Dodging
  3319 | D:4      | Noticed Pikel
  3319 | D:4      | Noticed a slave
  3319 | D:4      | Noticed a slave
  3319 | D:4      | Noticed a slave
  3319 | D:4      | Noticed a slave
  3339 | D:3      | Killed a slave
  3419 | D:4      | Found a staircase to the Ecumenical Temple.
  3427 | Temple   | Entered the Ecumenical Temple
  3474 | D:4      | Reached XP level 7. HP: 14/34 MP: 5/8
  3566 | Temple   | Became a worshipper of Elyvilon the Healer
  4661 | D:5      | Entered Level 5 of the Dungeon
  4832 | D:5      | Gained mutation: You have razor-sharp teeth. [Vine Stalker growth]
  4832 | D:5      | Reached XP level 8. HP: 25/38 MP: 9/9
  4905 | D:5      | Got a shimmering jade ring
  4921 | D:5      | Identified the ring "Juil" {rN+ Str+2 Dex+3} (You found it on level 5 of the Dungeon)
  4971 | D:5      | Reached * piety under Elyvilon
  5354 | D:4      | Killed Pikel
  5354 | D:4      | Reached skill level 5 in Dodging
  5506 | D:6      | Noticed Sigmund
  5510 | D:6      | Killed Sigmund
  5520 | D:6      | Reached XP level 9. HP: 42/42 MP: 10/10
  5627 | D:6      | Noticed Frank's ghost (novice GrGl)
  5685 | D:6      | Found a hazy altar of Hepliaklqana.
  5715 | D:6      | Noticed Grinder
  5734 | D:6      | Killed Grinder
  5734 | D:6      | Reached skill level 5 in Short Blades
  6171 | D:7      | Found a blossoming altar of Fedhas.
  6487 | D:7      | Found a basalt altar of Yredelemnul.
  6571 | D:7      | Reached ** piety under Elyvilon
  7245 | D:8      | Lost mutation: You evolve. [evolution]
  7393 | D:7      | HP: 2/64 [killer bee (4)]
  7412 | D:7      | HP: 3/66 [killer bee (3)]
  7416 | D:7      | Slain by a killer bee

Skill      XL: |  1  2  3  4  5  6  7  8  9 |
---------------+----------------------------+-----
Stealth        | 5 6 8 9 10 | 10.0
Short Blades   | 2 3 4 6 |  6.0
Dodging        | 1 3 6 7 |  7.8
Fighting       | 3 |  3.0
Throwing       | |  1.7

Action                   |  1- 3 |  4- 6 |  7- 9 || total
-------------------------+-------+-------+-------++-------
Melee: Dagger            |    79 |   224 |   407 ||   710
       Bite              |    18 |    64 |   159 ||   241
 Fire: Blowgun           |     2 |       |       ||     2
  Use: Scroll            |     1 |       |     5 ||     6
       Potion            |     1 |       |     2 ||     3
 Stab: Sleeping          |     9 |    16 |    20 ||    45
       Distracted        |     1 |       |       ||     1
  Eat: Chunk             |     3 |     5 |    13 ||    21
Armor: Robe              |    43 |    50 |    93 ||   186
       Skin              |       |       |    33 ||    33
Dodge: Dodged            |    57 |   102 |   199 ||   358
